 Dungeon Crawl Stone Soup version 0.21.0-25-ge575cb9 (webtiles) character file.

154 loljkpro the Cutter (level 5, 24/24 HPs)
             Began as a Spriggan Enchanter on Jan 25, 2018.
             Quit the game on level 2 of the Dungeon.
             The game lasted 00:17:58 (4667 turns).

loljkpro the Cutter (Spriggan Enchanter)            Turns: 4667, Time: 00:17:59

Health: 24/24      AC:  2    Str:  5    XL:     5   Next: 13%
Magic:  10/10      EV: 18    Int: 17    God:
Gold:   114        SH:  0    Dex: 16    Spells: 4/10 levels left

rFire    . . .     SeeInvis +   a - +1 dagger
rCold    . . .     Gourm    .   (shield restricted)
rNeg     . . .     Faith    .   b - +0 robe
rPois    .         Spirit   .   (helmet restricted)
rElec    .         Reflect  .   (no cloak)
rCorr    .         Harm     .   (gloves unavailable)
MR       .....                  (boots unavailable)
Stlth    +++.......             (no amulet)
HPRegen  0.08/turn              (no ring)
MPRegen  0.12/turn              (no ring)

@: very quick
A: very small, unfitting armour, see invisible, herbivore, speed 3, slow
metabolism 2
a: no special abilities


You were on level 2 of the Dungeon.
You were near starving.

You visited 1 branch of the dungeon, and saw 2 of its levels.

You collected 114 gold pieces.

Inventory:

Hand Weapons
 a - a +1 dagger (weapon)
 f - a +0 club
Missiles
 e - 50 stones (quivered)
 p - a throwing net
 t - 10 poisoned needles
Armour
 b - a +0 robe (worn)
 g - a +0 pair of gloves of archery
 m - a +0 leather armour
Wands
 s - a wand of flame (13)
Scrolls
 i - a scroll of noise {unknown}
 j - a scroll of enchant weapon {unknown}
 k - a scroll of random uselessness {unknown}
 l - a scroll of identify {unknown}
 n - a scroll of blinking {unknown}
 o - a scroll of immolation {unknown}
 r - a scroll of remove curse
Potions
 h - 2 potions of mutation {unknown}
 q - 2 potions of flight
Books
 c - a book of Maledictions

   Spells                             Type                      Level
   a - Corona                         Hexes                        1
   b - Ensorcelled Hibernation        Hexes/Ice                    2
   c - Confuse                        Hexes                        3
   d - Tukima's Dance                 Hexes                        3
   e - Dazzling Spray                 Conjuration/Hexes            3
Comestibles
 d - 2 rations


   Skills:
 + Level 4.7 Short Blades
 - Level 3.0 Dodging
 - Level 4.4 Stealth
 - Level 3.1 Spellcasting
 - Level 4.0 Hexes
 - Level 1.1 Ice Magic


You had 4 spell levels left.
You knew the following spells:

 Your Spells              Type           Power        Failure   Level  Hunger
a - Corona                Hex            ###....      3%          1    None
f - Confuse               Hex            ###.....     10%         3    ###....
i - Ensorcelled Hibernat  Hex/Ice        ##....       9%          2    ##.....


Dungeon Overview and Level Annotations

Branches:
Dungeon (2/15)

Altars:
Yredelemnul


Innate Abilities, Weirdness & Mutations

You are very small and have problems with some larger weapons.
You are too small for most types of armour.
You have supernaturally acute eyesight. (SInv)
You are a herbivore.
You cover ground extremely quickly.
You need consume almost no food.


Message History

Adjust which spell? c - Confuse Adjust to which letter? f - Confuse You start resting.
Magic restored.
You regained 2 hp, and now have 14/24 hp.
MP restored: 10 You start resting.
HP restored.
Health restored: 24
Casting: Ensorcelled Hibernation
Confirm with . or Enter, or press ? or * to list all spells.
Okay, then.
A rat comes into view.
A rat is nearby!
The helpless rat fails to defend itself.
You impale the rat!!
You kill the rat!
Are you sure you want to abandon this character and quit the game? (Confirm with "yes".)

#...###..###..
#....#.#..#..#
#.#...#..#..#.
#.#..#..#..#..
#.##.##...#...
#.##..########
#.###.#.....'.
#######.# #>#.#####.
#..@.##.# #.#.#.....
#.##.##.# #.#.#.#...
#.##.##.# #.#.#.#.#.
#.#.....# #.).#.#.#.
#.#..##########.#...
#.#..........##.####
###.#.########.##.#
#...#...# #.##.#
#.#####.# #.##.#


There were no monsters in sight!

Vanquished Creatures
  Ijyb (D:2)
  4 gnolls (D:2)
  3 adders (D:2)
  An ooze (D:2)
  2 worms (D:2)
  A ball python (D:2)
  3 giant cockroaches
  8 goblins
  8 hobgoblins
  2 jackals (D:2)
  7 kobolds
  A quokka (D:2)
  8 bats
  3 frilled lizards
  7 rats
59 creatures vanquished.

Notes
Turn   | Place    | Note
-------+----------+-------------------------------------------
     0 | D:1      | loljkpro the Spriggan Enchanter began the quest for the Orb.
     0 | D:1      | Reached XP level 1. HP: 9/9 MP: 5/5
   111 | D:1      | You fall through a shaft!
   405 | D:1      | Reached XP level 2. HP: 11/13 MP: 7/7
   452 | D:1      | Learned a level 2 spell: Ensorcelled Hibernation
  1313 | D:2      | Reached skill level 1 in Ice Magic
  1925 | D:2      | Reached XP level 3. HP: 16/16 MP: 4/8
  2936 | D:2      | Reached XP level 4. HP: 12/21 MP: 9/9
  3409 | D:2      | Noticed Ijyb
  3733 | D:2      | Found a basalt altar of Yredelemnul.
  3884 | D:2      | Killed Ijyb
  3884 | D:2      | Reached XP level 5. HP: 16/24 MP: 3/10
  4447 | D:2      | Learned a level 3 spell: Confuse
  4667 | D:2      | Quit the game

Skill      XL: |  1  2  3  4 |
---------------+-------------+-----
Spellcasting   | 3 |  3.1
Hexes          | 4 |  4.0
Ice Magic      | 1 |  1.1
Short Blades   | 3 4 |  4.7
Dodging        | |  3.0
Stealth        | |  4.4

Action                   |  1- 3 |  4- 6 || total
-------------------------+-------+-------++-------
Melee: Dagger            |   168 |    98 ||   266
 Cast: Ensorcelled Hiber |    23 |    12 ||    35
       Corona            |     2 |       ||     2
  Use: Scroll            |       |     3 ||     3
       Potion            |       |     2 ||     2
 Stab: Sleeping          |    19 |    10 ||    29
  Eat: Ration            |       |     1 ||     1
Armor: Robe              |    29 |     4 ||    33
Dodge: Dodged            |   199 |    47 ||   246
